 Dungeon Crawl Stone Soup version 0.21.1-1-g345015f (webtiles) character file.

32 tidbits the Sneak (level 3, 2/25 HPs)
             Began as a Gnoll Enchanter on June 8, 2018.
             Quit the game on level 3 of the Dungeon.
             The game lasted 00:03:34 (320 turns).

tidbits the Sneak (Gnoll Enchanter)                  Turns: 320, Time: 00:03:35

Health: 2/25       AC:  2    Str: 10    XL:     3   Next: 27%
Magic:  8/18       EV: 14    Int: 18    God:
Gold:   60         SH:  0    Dex: 15    Spells: 3/12 levels left

rFire    + . .     SeeInvis .   a - +1 dagger
rCold    . . .     Gourm    .   (no shield)
rNeg     . . .     Faith    .   b - +0 robe
rPois    .         Spirit   .   (no helmet)
rElec    .         Reflect  .   (no cloak)
rCorr    .         Harm     .   (no gloves)
MR       .....                  (no boots)
Stlth    +++.......             (no amulet)
HPRegen  0.08/turn              e - ring of protection from fire
MPRegen  0.16/turn              j - ring of magical power

@: lethally poisoned (2 -> -2)
A: distributed training, fangs 1, strong nose
a: no special abilities


You were on level 3 of the Dungeon.
You were not hungry.

You visited 1 branch of the dungeon, and saw 3 of its levels.

You collected 60 gold pieces.

Inventory:

Hand Weapons
 a - a +1 dagger (weapon)
 f - a +0 hunting sling
 g - a +0 spear
 n - a +0 war axe
Missiles
 i - 4 arrows
 m - 7 tomahawks (quivered)
Armour
 b - a +0 robe (worn)
Jewellery
 e - a ring of protection from fire (left hand)
   (You found it on level 1 of the Dungeon)
 j - a ring of magical power (right hand)
   (You found it on level 1 of the Dungeon)
Scrolls
 h - a scroll of identify {unknown}
 k - a scroll of enchant armour {unknown}
 l - a scroll of random uselessness {unknown}
Books
 c - a book of Maledictions

   Spells                             Type                      Level
   a - Corona                         Hexes                        1
   b - Ensorcelled Hibernation        Hexes/Ice                    2
   c - Confuse                        Hexes                        3
   d - Tukima's Dance                 Hexes                        3
   e - Dazzling Spray                 Conjuration/Hexes            3
Comestibles
 d - 2 rations


   Skills:
 + Level 0.6 Fighting
 + Level 2.5 Short Blades
 + Level 0.6 Long Blades
 + Level 0.6 Axes
 + Level 0.6 Maces & Flails
 + Level 0.6 Polearms
 + Level 0.6 Staves
 + Level 0.6 Slings
 + Level 0.6 Bows
 + Level 0.6 Crossbows
 + Level 0.6 Throwing
 + Level 0.6 Armour
 + Level 4.5 Dodging
 + Level 5.9 Stealth
 + Level 0.6 Shields
 + Level 0.6 Unarmed Combat
 + Level 5.0 Spellcasting
 + Level 0.4 Conjurations
 + Level 5.4 Hexes
 + Level 0.4 Charms
 + Level 0.4 Summonings
 + Level 0.4 Necromancy
 + Level 0.4 Translocations
 + Level 0.4 Transmutations
 + Level 0.4 Fire Magic
 + Level 0.4 Ice Magic
 + Level 0.4 Air Magic
 + Level 0.4 Earth Magic
 + Level 0.4 Poison Magic
 + Level 0.8 Invocations
 + Level 0.6 Evocations


You had 3 spell levels left.
You knew the following spells:

 Your Spells              Type           Power        Failure   Level  Hunger
a - Corona                Hex            ###....      1%          1    None
c - Confuse               Hex            ###.....     4%          3    ##.....
d - Dazzling Spray        Conj/Hex       ###...       12%         3    ##.....
e - Ensorcelled Hibernat  Hex/Ice        ###...       6%          2    #......


Dungeon Overview and Level Annotations

Branches:
Dungeon (3/15)

Altars:

Portals:
Sewer: D:3


Innate Abilities, Weirdness & Mutations

Your experience applies equally to all skills.
You have very sharp teeth.
Your uncanny sense of smell can sniff out nearby items.


Message History

Aim: a ball python (chance to defeat MR: 62%)
The ball python resists with significant effort.
The ball python barely misses you. The ball python grabs you.
* * * LOW HITPOINT WARNING * * *
The ball python constricts you.
Casting: Ensorcelled Hibernation
Confirm with . or Enter, or press ? or * to list all spells.
Aiming: Ensorcelled Hibernation
Press: ? - help, Shift-Dir - straight line, f/p - ball python
Aim: a ball python (constricting you, chance to defeat MR: 62%)
The ball python looks drowsy...
The ball python loses its grip on you.
The helpless ball python fails to defend itself.
You impale the ball python!!
You kill the ball python!
Found a fizzy emerald potion.
Found 9 gold pieces.
Unknown command.
Found 7 gold pieces.
You see here 16 gold pieces.
You now have 53 gold pieces (gained 16).
A leopard gecko comes into view.
Found a scroll labeled QOIHIPTEFAD.
Found a scroll labeled RABLUR AHYSEL.
Found 17 stones and 9 gold pieces.
Found a granite ring.
You see here 7 gold pieces.
You now have 60 gold pieces (gained 7).
The helpless leopard gecko fails to defend itself.
You impale the leopard gecko!!
You kill the leopard gecko!
Casting: Ensorcelled Hibernation
Confirm with . or Enter, or press ? or * to list all spells.
Aiming: Ensorcelled Hibernation
Press: ? - help, Shift-Dir - straight line, f - rat
Aim: a rat (chance to defeat MR: 62%)
The rat looks drowsy...
The helpless rat fails to defend itself.
You impale the rat!!
You kill the rat!
You have reached level 3!
Your experience leads to an increase in your attributes!
Increase (S)trength, (I)ntelligence, or (D)exterity?
You feel clever.
Memorise Confuse, consuming 3 spell levels and leaving 5?
You hear the slow rusting of a distant drain.
You start memorising the spell.
You continue memorising. x3
You finish memorising.
Spell assigned to 'c'.
Memorise Dazzling Spray, consuming 3 spell levels and leaving 2?
You start memorising the spell.
You continue memorising. x3
You finish memorising.
Spell assigned to 'd'.
An adder comes into view.
The adder hisses angrily.
An adder comes into view.
Found 17 bolts.
You see here a granite ring.
Casting: Ensorcelled Hibernation
Confirm with . or Enter, or press ? or * to list all spells.
Aiming: Ensorcelled Hibernation
Press: ? - help, Shift-Dir - straight line, f - adder
Aim: an adder (chance to defeat MR: 53%)
The adder resists with significant effort.
The adder bites you.
* * * LOW HITPOINT WARNING * * *
You are poisoned.
The adder poisons you!
Casting: Ensorcelled Hibernation
Confirm with . or Enter, or press ? or * to list all spells.
Aiming: Ensorcelled Hibernation
Press: ? - help, Shift-Dir - straight line, f/p - adder
Aim: an adder (chance to defeat MR: 53%)
The adder resists with significant effort.
The adder hisses angrily.
* * * LOW HITPOINT WARNING * * *
You feel sick. The adder closely misses you.
Casting: Ensorcelled Hibernation
Confirm with . or Enter, or press ? or * to list all spells.
Aiming: Ensorcelled Hibernation
Press: ? - help, Shift-Dir - straight line, f/p - adder
Aim: an adder (chance to defeat MR: 53%)
The adder looks drowsy...
* * * LOW HITPOINT WARNING * * *
You feel sick. The adder barely misses you.
The helpless adder fails to defend itself.
You impale the adder!!
You kill the adder!
Your Spellcasting skill increases to level 5!
The adder closely misses you.
You aren't carrying any potions.
Unknown command.
Casting: Ensorcelled Hibernation
Confirm with . or Enter, or press ? or * to list all spells.
Aiming: Ensorcelled Hibernation
Press: ? - help, Shift-Dir - straight line, f - adder
Aim: an adder (chance to defeat MR: 54%)
The adder resists with significant effort.
The adder bites you.
* * * LOW HITPOINT WARNING * * *
The adder bites you.
* * * LOW HITPOINT WARNING * * *
Are you sure you want to abandon this character and quit the game? (Confirm with "yes".)

# #...### ...#... #
####...#.##........P
##..!.....##≈≈≈≈≈≈≈S≈≈
# #.###...#.#≈≈≈≈≈≈S≈
≈. .......#.# .≈≈≈.≈
.≈ .##......# ≈≈≈# ≈#
#......####.## .##
........†.#..†#...#..
..$.........(S@.......
.####.................
....................
###....?.....$......
#.#....#.?.#...#.(
.....#####.###.## .
..... ≈≈≈ ≈≈ .... ≈≈≈.
≈≈.


You could see an adder.

Vanquished Creatures
  2 adders
  A leopard gecko (D:3)
  A ball python (D:3)
  A giant cockroach (D:2)
  A goblin (D:2)
  2 hobgoblins (D:2)
  4 bats (D:2)
  A frilled lizard (D:2)
  2 rats
15 creatures vanquished.

Notes
Turn   | Place    | Note
-------+----------+-------------------------------------------
     0 | D:1      | tidbits the Gnoll Enchanter began the quest for the Orb.
     0 | D:1      | Reached XP level 1. HP: 13/13 MP: 6/6
   124 | D:2      | HP: 1/13 [adder (4)]
   125 | D:2      | Reached XP level 2. HP: 2/20 MP: 7/7
   133 | D:2      | Learned a level 2 spell: Ensorcelled Hibernation
   272 | D:3      | Found a glowing drain.
   302 | D:3      | Reached XP level 3. HP: 10/25 MP: 9/9
   307 | D:3      | Learned a level 3 spell: Confuse
   311 | D:3      | Learned a level 3 spell: Dazzling Spray
   318 | D:3      | Reached skill level 5 in Spellcasting
   319 | D:3      | HP: 2/25 [adder (1)]
   320 | D:3      | Quit the game

Skill      XL: |  1  2  3 |
---------------+----------+-----
Spellcasting   | 5 |  5.0
Fighting       | |  0.6
Short Blades   | |  2.5
Long Blades    | |  0.6
Axes           | |  0.6
Maces & Flails | |  0.6
Polearms       | |  0.6
Staves         | |  0.6
Slings         | |  0.6
Bows           | |  0.6
Crossbows      | |  0.6
Throwing       | |  0.6
Armour         | |  0.6
Dodging        | |  4.5
Stealth        | |  5.9
Shields        | |  0.6
Unarmed Combat | |  0.6
Conjurations   | |  0.4
Hexes          | |  5.4
Charms         | |  0.4
Summonings     | |  0.4
Necromancy     | |  0.4
Translocations | |  0.4
Transmutations | |  0.4
Fire Magic     | |  0.4
Ice Magic      | |  0.4
Air Magic      | |  0.4
Earth Magic    | |  0.4
Poison Magic   | |  0.4
Invocations    | |  0.8
Evocations     | |  0.6

Action                   || total
-------------------------++-------
Melee: Dagger            ||    23
       Bite              ||     2
 Cast: Corona            ||     6
       Ensorcelled Hiber ||    12
  Use: Potion            ||     1
 Stab: Sleeping          ||     8
Armor: Robe              ||     6
Dodge: Dodged            ||    21

Table legend:
 A = Turns spent in this place as a percentage of turns spent in the entire game.
 B = Non-inter-level travel turns spent in this place as a percentage of non-inter-level travel turns spent in the entire game.
 C = Inter-level travel turns spent in this place as a percentage of turns spent in this place.
 D = Turns resting spent in this place as a percentage of non-inter-level travel turns spent in this place.
 E = Turns spent auto-exploring this place as a percentage of non-inter-level travel turns spent in this place.
 F = Non-inter-level travel turns spent in this place divided by the number of levels of this place that you've seen.
                   A       B       C       D       E      F
               +-------+-------+-------+-------+-------+----------------------
         Total | 100.0 | 100.0 |   0.0 |   0.0 |   0.0 | 106.7
       Dungeon | 100.0 | 100.0 |   0.0 |   0.0 |   0.0 | 106.7
               +-------+-------+-------+-------+-------+----------------------

Table legend:
 A = Kills in this place as a percentage of kills in entire the game.
 B = Kills by you in this place as a percentage of kills by you in the entire game.
 C = Kills by friends in this place as a percentage of kills by friends in the entire game.
 D = Other kills in this place as a percentage of other kills in the entire game.
 E = Experience gained in this place as a percentage of experience gained in the entire game.
 F = Experience gained in this place divided by the number of levels of this place that you have seen.
                   A       B       C       D       E      F
               +-------+-------+-------+-------+-------+----------------------
         Total | 100.0 | 100.0 |   N/A |   N/A | 100.0 |  15.7
       Dungeon | 100.0 | 100.0 |   N/A |   N/A | 100.0 |  15.7
               +-------+-------+-------+-------+-------+----------------------

Vault maps used:
D:1:      elethiomel_arrival_infinity_welcomes_careful_drivers
D:2:      kennysheep_crisscross, uniq_robin
D:3:      wad_lake_hut, okawaru_altar_gauntlet_db, cheibrodos_sewer_entry_drain,
          tgw_trog
